AoeStats
← Luclas

Arabia

510455732Analyzed
1v1 RM · 17h ago on Oct 1, 2026· 15m 13s· 2 players
Game mode
Random Map
Map size
Tiny (2 player)
Population
200
Speed
Normal
Resources
Standard
Victory
Conquest
Starting age
Dark Age
Ending age
Imperial Age
RankedLock teamsTeams togetherTeam positionsShared explorationLock speedFull tech treeHidden civsTurbo modeCheats
Victory
Defeat
🇦🇷 Ethiopians · Argentina
1454
+17
🇳🇿 Varangians · New Zealand
1471
-17
Luclas
7:20 Loom
10:22 Feudal Age
10:34 Man-at-Arms
11:03 Double-Bit Axe
mustangant667
6:38 Loom
9:13 Feudal Age
9:49 Double-Bit Axe
10:52 Horse Collar
Connection lost

Rejoining the realm…

Still unreachable

The connection could not be restored.

Session expired

The server has moved on; the page needs a fresh start.